 Dungeon Crawl Stone Soup version 0.25-a0-62-g88673ef (webtiles) character file.

Game seed: 40235532016985031, levelgen mode: deterministic

4792 CougarLife the Blocker (level 10, 0/82 HPs)
             Began as a Gnoll Fighter on Oct 30, 2019.
             Was a Priest of Ru.
             Slain by a jumping spider (8 damage)
             ... summoned by a deep elf mage
             ... on level 12 of the Dungeon.
             The game lasted 00:16:11 (8186 turns).

CougarLife the Blocker (Gnoll Fighter)              Turns: 8186, Time: 00:16:11

Health: 0/82       AC: 16    Str: 21    XL:     10   Next: 48%
Magic:  16/16      EV: 30    Int: 10    God:    Ru [***...]
Gold:   359        SH:  0    Dex: 19    Spells: 19/19 levels left

rFire    . . .     SeeInvis .   q - +5 scythe "Finisher" {speed, eviscerate}
rCold    . . .     Gourm    .   (shield currently unavailable)
rNeg     . . .     Faith    .   H - +0 chain mail
rPois    .         Spirit   .   (no helmet)
rElec    .         Reflect  .   (no cloak)
rCorr    .         Harm     .   y - +2 pair of gloves {Dex+3}
MR       .....                  (no boots)
Stlth    ..........             C - amulet of the acrobat
HPRegen  0.23/turn              t - +4 ring of evasion
MPRegen  0.15/turn              g - +2 ring of protection

@: acrobat
A: distributed training, fangs 1, low mp 1, hated by all, no hexes magic, no ice
magic, no summoning magic, strong nose
a: Draw Out Power, Renounce Religion


You were on level 12 of the Dungeon.
You worshipped Ru.
Ru was most pleased with you.
You were hungry.

You visited 2 branches of the dungeon, and saw 11 of its levels.

You collected 359 gold pieces.

Inventory:

Hand Weapons
 a - a +0 war axe
 q - the +5 scythe "Finisher" (weapon) {speed, eviscerate}
   (You found it on level 6 of the Dungeon)

   Attacks with this weapon are significantly faster.
Armour
 c - a +0 shield
 y - a +2 pair of gloves of dexterity (worn)
 H - a +0 chain mail (worn)
Jewellery
 g - a +2 ring of protection (right hand)
 j - an uncursed amulet of regeneration
 t - a +4 ring of evasion (left hand)
 C - an amulet of the acrobat (around neck)
Wands
 z - a wand of random effects (14)
 K - a wand of flame (23)
Scrolls
 e - 2 scrolls of identify
 h - 2 scrolls of noise {unknown}
 k - a scroll of enchant weapon {unknown}
 l - 4 scrolls of remove curse
 o - a scroll of teleportation {unknown}
 s - 2 scrolls of amnesia {unknown}
 w - 3 scrolls of immolation {unknown}
 A - a scroll of magic mapping {unknown}
 B - 3 scrolls of fog
 I - 2 scrolls of blinking {unknown}
 J - a scroll of vulnerability {unknown}
Potions
 d - 3 potions of might
 i - 2 potions of mutation {unknown}
 m - 2 potions of heal wounds {unknown}
 n - a potion of lignification {unknown}
 p - a potion of degeneration {unknown}
 r - 2 potions of brilliance {unknown}
 v - a potion of flight {unknown}
 x - 2 potions of invisibility
 E - 2 potions of agility {unknown}
 G - 2 potions of haste {unknown}
Comestibles
 b - 4 chunks of flesh
 f - 9 rations


   Skills:
 + Level 8.5 Fighting
 + Level 5.2 Short Blades
 + Level 5.2 Long Blades
 + Level 7.0 Axes
 + Level 5.2 Maces & Flails
 + Level 5.2 Polearms
 + Level 5.2 Staves
 + Level 5.2 Slings
 + Level 5.2 Bows
 + Level 5.2 Crossbows
 + Level 5.2 Throwing
 + Level 8.5 Armour
 + Level 5.2 Dodging
 + Level 5.2 Stealth
 + Level 8.5 Shields
 + Level 5.2 Unarmed Combat
 + Level 5.2 Spellcasting
 + Level 4.3 Conjurations
   Level 0.0 Hexes
 + Level 4.3 Charms
   Level 0.0 Summonings
 + Level 4.3 Necromancy
 + Level 4.3 Translocations
 + Level 4.3 Transmutations
 + Level 4.3 Fire Magic
   Level 0.0 Ice Magic
 + Level 4.3 Air Magic
 + Level 4.3 Earth Magic
 + Level 4.3 Poison Magic
 + Level 5.7 Invocations
 + Level 5.2 Evocations


You had 19 spell levels left.
You didn't know any spells.
Your spell library contained the following spells:

 Spells                   Type           Power        Failure   Level  Hunger
 Magic Dart               Conj           ##..         26%         1    None
 Blink                    Tloc           N/A          38%         2    ##.....
 Conjure Flame            Conj/Fire      ##......     63%         3    ###....
 Mephitic Cloud           Conj/Pois/Air  ##......     63%         3    ###....
 Throw Frost              Conj/Ice       Unusable     N/A         2    N/A
 Freeze                   Ice            Unusable     N/A         1    N/A
 Ozocubu's Armour         Chrm/Ice       Unusable     N/A         3    N/A
 Call Imp                 Summ           Unusable     N/A         2    N/A
 Slow                     Hex            Unusable     N/A         2    N/A
 Summon Ice Beast         Ice/Summ       Unusable     N/A         4    N/A
 Throw Icicle             Conj/Ice       Unusable     N/A         4    N/A

Dungeon Overview and Level Annotations

Branches:
Dungeon (9/15)             Temple (1/1) D:5
   Lair: D:8-11         Orc: D:9-12

Altars:
Cheibriados
Dithmenos
Elyvilon
Fedhas
Gozag
Kikubaaqudgha
Makhleb
Nemelex Xobeh
Okawaru
Ru
Uskayaw
Vehumet
Wu Jian
Zin
The Shining One
Lugonu

Shops:
D:5 :

Annotations:
D:8 2 transporters


Innate Abilities, Weirdness & Mutations

Your experience applies equally to all skills.
You have very sharp teeth.
Your magical capacity is low. (-10% MP)
You are hated by all.
You cannot study or cast Hexes magic.
You cannot study or cast Ice magic.
You cannot study or cast Summoning magic.
Your uncanny sense of smell can sniff out nearby items.


Message History

The jumping spider pounces on you!
* * * LOW HITPOINT WARNING * * *
The jumping spider closely misses you.
The jumping spider is stunned by your will and fails to attack.
The jumping spider leaps!
The web tears apart.
The jumping spider pounces on you but does no damage.
The jumping spider bites you but does no damage.
The jumping spider leaps! x2
Unknown command.
The jumping spider completely misses you. x2
The jumping spider closely misses you. x2
The eight-headed hydra stops glowing.
The hellwing disappears in a puff of smoke!
The jumping spider completely misses you. x2
There is a stone staircase leading down here.
The jumping spider begins to attack, but is stunned by your will!
The deep elf mage gestures wildly while chanting.
The jumping spider pounces on you!
You die...

#.#.....a..z....o......
...#.##...§.z.9z.......#
...........§z.y...###...
...#......§#§§#§..# ..#
......#...§§§§§.#.#∆ ..
#....#.§§z9WZ#o### .
#......a.§#§§..# .
#....s#sD##§e###
#..@zr.zW## #.########
.. #. #


You could see an eight-headed hydra, 3 skeletal warriors, a deep elf mage, a
hungry ghost, 2 jumping spiders, a gargoyle, a worker ant and a quokka.

Vanquished Creatures
  Pikel (D:5)
  Sigmund (D:5)
  Edmund (D:5)
  A water moccasin (D:9)
  3 ice beasts
  3 orc warriors
  A slave (D:5)
  A phantom (D:7)
  3 sky beasts
  4 ogres
  6 centaurs
  A big kobold (D:9)
  A gnoll sergeant (D:7)
  2 bullfrogs
  A wyvern skeleton (D:8)
  A scorpion (D:6)
  9 wights
  6 crimson imps
  A centaur zombie (D:5)
  A bullfrog zombie (D:8)
  2 jellies (D:6)
  4 orc wizards
  A bullfrog skeleton (D:9)
  3 orc priests
  A gnoll shaman (D:5)
  4 hounds
  Jessica (D:2)
  Natasha (thrice) (D:3)
  7 worker ants
  A hound zombie (D:5)
  2 worker ant zombies
  A howler monkey zombie (D:9)
  10 gnolls
  A howler monkey skeleton (D:6)
  18 adders
  4 shadow imps
  An ooze (D:7)
  2 adder zombies
  6 worms
  A dart slug (D:1)
  5 leopard geckos
  33 orcs
  7 bats
  16 giant cockroaches
  2 goblins
  6 hobgoblins
  4 jackals
  8 quokkas
  2 ball pythons (D:3)
  5 frilled lizards
  A giant cockroach zombie (D:5)
  15 kobolds
  2 leopard gecko zombies
  A quokka skeleton (D:4)
  7 rats
235 creatures vanquished.

Vanquished Creatures (others)
  A vampire mosquito (D:12)
  A slave (D:5)
  A bullfrog skeleton (D:7)
  A worker ant (D:5)
  A gnoll (D:5)
  2 orcs
7 creatures vanquished.

Grand Total: 242 creatures vanquished

Notes
Turn   | Place    | Note
-------+----------+-------------------------------------------
     0 | D:1      | CougarLife the Gnoll Fighter began the quest for the Orb.
     0 | D:1      | Reached XP level 1. HP: 23/23 MP: 1/1
    33 | D:1      | Reached XP level 2. HP: 21/29 MP: 2/2
   355 | D:1      | Reached XP level 3. HP: 35/35 MP: 3/3
   847 | D:2      | Reached skill level 1 in Invocations
   922 | D:2      | Reached skill level 1 in Short Blades
   922 | D:2      | Reached skill level 1 in Long Blades
   922 | D:2      | Reached skill level 1 in Maces & Flails
   922 | D:2      | Reached skill level 1 in Polearms
   922 | D:2      | Reached skill level 1 in Staves
   922 | D:2      | Reached skill level 1 in Slings
   922 | D:2      | Reached skill level 1 in Bows
   922 | D:2      | Reached skill level 1 in Crossbows
   922 | D:2      | Reached skill level 1 in Throwing
   922 | D:2      | Reached skill level 1 in Dodging
   922 | D:2      | Reached skill level 1 in Stealth
   922 | D:2      | Reached skill level 1 in Unarmed Combat
   922 | D:2      | Reached skill level 1 in Spellcasting
   922 | D:2      | Reached skill level 1 in Evocations
  1136 | D:2      | Reached XP level 4. HP: 41/41 MP: 5/5
  1215 | D:2      | Noticed Jessica
  1219 | D:2      | Killed Jessica
  1277 | D:2      | Reached skill level 1 in Conjurations
  1277 | D:2      | Reached skill level 1 in Hexes
  1277 | D:2      | Reached skill level 1 in Charms
  1277 | D:2      | Reached skill level 1 in Summonings
  1277 | D:2      | Reached skill level 1 in Necromancy
  1277 | D:2      | Reached skill level 1 in Translocations
  1277 | D:2      | Reached skill level 1 in Transmutations
  1277 | D:2      | Reached skill level 1 in Fire Magic
  1277 | D:2      | Reached skill level 1 in Ice Magic
  1277 | D:2      | Reached skill level 1 in Air Magic
  1277 | D:2      | Reached skill level 1 in Earth Magic
  1277 | D:2      | Reached skill level 1 in Poison Magic
  1564 | D:2      | Found an ancient bone altar of Kikubaaqudgha.
  1567 | D:2      | Found a blossoming altar of Fedhas.
  1730 | D:3      | Noticed a bullfrog
  1743 | D:3      | Killed a bullfrog
  1743 | D:3      | Reached XP level 5. HP: 24/47 MP: 5/7
  1935 | D:3      | Found a sacrificial altar of Ru.
  1950 | D:3      | Reached XP level 6. HP: 42/53 MP: 8/8
  1962 | D:3      | Became a worshipper of Ru the Awakened
  2718 | D:3      | Reached skill level 5 in Axes
  2753 | D:3      | Noticed Natasha
  2767 | D:3      | Killed Natasha
  2903 | D:3      | Noticed Natasha
  2907 | D:3      | Killed Natasha
  3026 | D:3      | Noticed Natasha
  3038 | D:3      | Killed Natasha
  3053 | D:4      | Reached XP level 7. HP: 54/59 MP: 10/10
  3493 | D:4      | Gained mutation: Your magical capacity is low. (-10% MP)
                  | [Ru sacrifice]
  4000 | D:5      | Entered Level 5 of the Dungeon
  4003 | D:5      | Found a staircase to the Ecumenical Temple.
  4043 | Temple   | Entered the Ecumenical Temple
  4145 | D:5      | Noticed Sigmund
  4145 | D:5      | Noticed Pikel
  4166 | D:5      | Killed Pikel
  4166 | D:5      | Reached XP level 8. HP: 48/67 MP: 9/11
  4173 | D:5      | Killed Sigmund
  4381 | D:5      | Noticed Edmund
  4402 | D:5      | Killed Edmund
  4402 | D:5      | Reached XP level 9. HP: 72/72 MP: 13/13
  4620 | D:5      | Found Ventubag's Book Emporium.
  4889 | D:6      | Found the +5 scythe "Finisher" {speed, eviscerate}
  4953 | D:6      | Found a radiant altar of Vehumet.
  5249 | D:6      | Found a white marble altar of Elyvilon.
  5249 | D:6      | Found a glowing silver altar of Zin.
  5250 | D:6      | Found a glowing golden altar of the Shining One.
  5337 | D:6      | Gained mutation: You are hated by all. [Ru sacrifice]
  5337 | D:6      | Reached * piety under Ru
  5337 | D:6      | Reached ** piety under Ru
  5775 | D:6      | Found a shadowy altar of Dithmenos.
  5776 | D:6      | Found an ornate altar of the Wu Jian Council.
  5953 | D:7      | Reached skill level 5 in Invocations
  6155 | D:7      | Reached XP level 10. HP: 60/80 MP: 15/15
  6192 | D:7      | Found a snail-covered altar of Cheibriados.
  6942 | D:8      | Found a transporter.
  6942 | D:8      | Found a corrupted altar of Lugonu.
  6942 | D:8      | Noticed a red ugly thing
  7066 | D:8      | Gained mutation: You cannot study or cast Ice magic. [Ru
                  | sacrifice]
  7066 | D:8      | Gained mutation: You cannot study or cast Hexes magic. [Ru
                  | sacrifice]
  7066 | D:8      | Gained mutation: You cannot study or cast Summoning magic.
                  | [Ru sacrifice]
  7066 | D:8      | Reached *** piety under Ru
  7153 | D:8      | Reached skill level 5 in Short Blades
  7153 | D:8      | Reached skill level 5 in Long Blades
  7153 | D:8      | Reached skill level 5 in Maces & Flails
  7153 | D:8      | Reached skill level 5 in Polearms
  7153 | D:8      | Reached skill level 5 in Staves
  7153 | D:8      | Reached skill level 5 in Slings
  7153 | D:8      | Reached skill level 5 in Bows
  7153 | D:8      | Reached skill level 5 in Crossbows
  7153 | D:8      | Reached skill level 5 in Throwing
  7153 | D:8      | Reached skill level 5 in Dodging
  7153 | D:8      | Reached skill level 5 in Stealth
  7153 | D:8      | Reached skill level 5 in Unarmed Combat
  7153 | D:8      | Reached skill level 5 in Spellcasting
  7153 | D:8      | Reached skill level 5 in Evocations
  7356 | D:8      | Found a transporter.
  7361 | D:8      | Noticed a purple ugly thing
  8103 | D:9      | Found an opulent altar of Gozag.
  8103 | D:9      | Found a burning altar of Makhleb.
  8148 | D:9      | You fall into a shaft and drop 3 floors!
  8149 | D:12     | Noticed a skeletal warrior
  8149 | D:12     | Noticed a skeletal warrior
  8149 | D:12     | Noticed a skeletal warrior
  8149 | D:12     | Noticed a skeletal warrior
  8149 | D:12     | Noticed a deep elf mage
  8165 | D:12     | Noticed an eight-headed hydra
  8165 | D:12     | Noticed a gargoyle
  8186 | D:12     | Slain by a jumping spider

Levels and vault maps discovered:
D:1:      lightli_arrival_statuegarden, layout_loops_ring
D:2:      layout_basic, grunt_temple_overflow_growth_and_decay,
          kennysheep_generic_room_15, uniq_jessica
D:3:      minmay_roachtagon, layout_loops_ring,
          nicolae_ru_great_annihilating_truth, uniq_natasha
D:4:      layout_cave_pods, first_ration
D:5:      layout_gridville, temple_fountains, serial_shops,
          nicolae_shop_statue_plus, uniq_edmund, uniq_sigmund, uniq_pikel
D:6:      layout_gridville, good_gods_temple_1, gammafunk_temple_overflow_wave,
          fiery_altar_vehumet
D:7:      layout_basic, slow_altar_2
D:8:      gammafunk_corrupted_shrine, layout_basic
D:9:      layout_gridville, gammafunk_temple_overflow_pools, lair_entry_dummy,
          david_orc_4, hangedman_abyss_or_decor_lesser_grid
D:12:     minmay_statue_hallways, layout_basic,
          portal_ice_cave_entry_animals_and_master
Temple:   cyrus_temple_forest

Skill      XL: |  1  2  3  4  5  6  7  8  9 10 |
---------------+-------------------------------+-----
Invocations    | 1 2 3 4 5 |  5.7
Short Blades   | 1 2 3 4 5 |  5.2
Long Blades    | 1 2 3 4 5 |  5.2
Maces & Flails | 1 2 3 4 5 |  5.2
Polearms       | 1 2 3 4 5 |  5.2
Staves         | 1 2 3 4 5 |  5.2
Slings         | 1 2 3 4 5 |  5.2
Bows           | 1 2 3 4 5 |  5.2
Crossbows      | 1 2 3 4 5 |  5.2
Throwing       | 1 2 3 4 5 |  5.2
Dodging        | 1 2 3 4 5 |  5.2
Stealth        | 1 2 3 4 5 |  5.2
Unarmed Combat | 1 2 3 4 5 |  5.2
Spellcasting   | 1 2 3 4 5 |  5.2
Evocations     | 1 2 3 4 5 |  5.2
Conjurations   | 1 2 3 4 |  4.3
Hexes          | 1 2 3 0 |  0.0
Charms         | 1 2 3 4 |  4.3
Summonings     | 1 2 3 0 |  0.0
Necromancy     | 1 2 3 4 |  4.3
Translocations | 1 2 3 4 |  4.3
Transmutations | 1 2 3 4 |  4.3
Fire Magic     | 1 2 3 4 |  4.3
Ice Magic      | 1 2 3 0 |  0.0
Air Magic      | 1 2 3 4 |  4.3
Earth Magic    | 1 2 3 4 |  4.3
Poison Magic   | 1 2 3 4 |  4.3
Axes           | 5 6 7 |  7.0
Fighting       | 7 8 |  8.5
Armour         | 7 8 |  8.5
Shields        | 7 8 |  8.5

Action                   |  1- 3 |  4- 6 |  7- 9 | 10-12 || total
-------------------------+-------+-------+-------+-------++-------
Melee: War axe           |   102 |   178 |   178 |       ||   458
       Bite              |    16 |    24 |    51 |    16 ||   107
       Scythe            |       |       |   128 |   167 ||   295
Invok: Sacrifice Essence |       |       |     1 |       ||     1
       Sacrifice Love    |       |       |     1 |       ||     1
       Sacrifice Arcana  |       |       |       |     1 ||     1
  Use: Scroll            |       |     3 |       |     3 ||     6
       Potion            |       |       |     1 |       ||     1
 Stab: Paralysed         |       |     3 |       |       ||     3
       Distracted        |       |       |     1 |       ||     1
       Invisible         |       |       |     1 |       ||     1
       Sleeping          |       |       |       |     5 ||     5
  Eat: Chunk             |     1 |     6 |    11 |     6 ||    24
Armor: Scale mail        |    45 |    70 |    90 |    11 ||   216
       Chain mail        |       |       |       |    68 ||    68
Dodge: Dodged            |    30 |    68 |   196 |   214 ||   508
Block: Shield            |    64 |   117 |   121 |       ||   302

Table legend:
 A = Non-vault XP
 B = Vault XP
 C = Vault XP percentage of total XP
 D = Non-vault monster count
 E = Vault monster count
 F = Vault count percentage of total count
                 A         B        C        D         E       F
            +---------+---------+-------+---------+---------+-------
      Total |    5316 |    1530 |  22.3 |     207 |      28 |  11.9
            +---------+---------+-------+---------+---------+-------
        D:1 |      34 |       0 |   0.0 |      17 |       0 |   0.0
        D:2 |      79 |      37 |  31.9 |      22 |       1 |   4.3
        D:3 |     338 |     111 |  24.7 |      39 |      14 |  26.4
        D:4 |     334 |       0 |   0.0 |      18 |       0 |   0.0
        D:5 |     653 |    1015 |  60.9 |      19 |       3 |  13.6
        D:6 |    1350 |       0 |   0.0 |      28 |       0 |   0.0
        D:7 |     833 |       5 |   0.6 |      19 |       1 |   5.0
        D:8 |     813 |     130 |  13.8 |      18 |       1 |   5.3
        D:9 |     882 |     232 |  20.8 |      27 |       8 |  22.9
            +---------+---------+-------+---------+---------+-------
